 Dungeon Crawl Stone Soup version 0.30-a0-782-ge64f9170bb (console) character file.

Game seed: 11992508985127597131

2 utis the Caller (level 1, 0/10 HPs)
             Began as a Tengu Wanderer on Mar 8, 2023.
             Slain by a quokka (2 damage)
             ... on level 1 of the Dungeon.
             The game lasted 00:01:50 (124 turns).

utis the Caller (Tengu Wanderer)                     Turns: 124, Time: 00:01:51

Health: 0/10       AC:  3    Str: 13    XL:     1   Next: 40%
Magic:  3/3        EV: 11    Int: 12    God:
Gold:   16         SH:  0    Dex: 12    Spells: 1/2 levels left

rFire   . . .      SeeInvis .    a - +0 hand axe
rCold   . . .      Faith    .    (no shield)
rNeg    . . .      Spirit   .    d - +0 leather armour
rPois   .          Reflect  .    (helmet restricted)
rElec   .          Harm     .    (no cloak)
rCorr   .          Rampage  .    (no gloves)
Will    .....                    (boots unavailable)
Stlth   +                        (no amulet)
HPRegen 0.21/turn                (no ring)
MPRegen 0.08/turn                (no ring)

@: no status effects
A: beak, talons 3
a: no special abilities


You were on level 1 of the Dungeon.
You visited 1 branch of the dungeon, and saw 1 of its levels.

You collected 16 gold pieces.

Inventory:

Hand Weapons
 a - a +0 hand axe (weapon)
 h - a +0 sling
Missiles
 f - 4 stones
Armour
 d - a +0 leather armour (worn)
Wands
 b - a wand of flame (4)
Scrolls
 c - a scroll of fog
Potions
 e - a potion of berserk rage {unknown}
 g - a potion of haste {unknown}


   Skills:
 + Level 0.2 Fighting
 - Level 2.1 Axes
 - Level 1.1 Armour
 + Level 1.2 Dodging
 - Level 1.0 Spellcasting
 + Level 3.7 Summonings
 - Level 2.0 Evocations


You had one spell level left.
You knew the following spells:

 Your Spells              Type           Power      Damage    Failure   Level
z - Summon Small Mammal   Summ           36%        N/A       9%          1

Your spell library contained the following spells:

 Spells                   Type           Power      Damage    Failure   Level
 Summon Guardian Golem    Hex/Summ       5%         N/A       47%         3
 Summon Ice Beast         Ice/Summ       5%         N/A       87%         4


Dungeon Overview and Level Annotations

Branches:
Dungeon (1/15)

Altars:


Innate Abilities, Weirdness & Mutations

You have a beak for a mouth.
You have claws for feet.


Message History

* * * LOW HITPOINT WARNING * * *
You are too injured to fight recklessly!
You are too injured to fight recklessly!
a - a +0 hand axe (weapon)
The frilled lizard closely misses you.
You closely miss the frilled lizard.
The frilled lizard is heavily wounded.
The frilled lizard bites you but does no damage.
You closely miss the frilled lizard. Your kick misses the frilled lizard.
The frilled lizard is heavily wounded.
The frilled lizard bites you but does no damage.
You hit the frilled lizard.
You kill the frilled lizard!
You start resting.
HP restored.
A quokka comes into view.
You closely miss the quokka. The quokka bites you. x2
You barely miss the quokka. You claw the quokka, but do no damage.
The quokka closely misses you.
You closely miss the quokka. The quokka bites you.
* * * LOW HITPOINT WARNING * * *
The quokka misses you.
You hit the quokka. Your kick misses the quokka.
The quokka is moderately wounded.
The quokka bites you.
* * * LOW HITPOINT WARNING * * *
You are too injured to fight recklessly!
You are too injured to fight recklessly!
You are too injured to fight recklessly!
You closely miss the quokka. You claw the quokka, but do no damage.
Your peck misses the quokka.
The quokka is moderately wounded.
The quokka bites you.
* * * LOW HITPOINT WARNING * * *
The quokka attacks as you move away!
The quokka bites you but does no damage.
The quokka barely misses you. The quokka attacks as you move away!
The quokka closely misses you. The quokka bites you.
You die...

░.░ ░... §§§ ░.░
...░░░░░░░≈░░░░░░░ ░.░░░
░..░~~░.......░~~░ ░░░.░>
...░~░.........░~░ ...░░...>
░░░..░░...........░░ ...░.
░.░░░....░.............░
.....░░.......░░.............░
....░...░....░.░.............░
.......░░░..░..rQ.....<.......
...░...░░░░..░.░.............░
░....░...░....░░.............░
░.)........░░..░.............░
...░.░░░░...░..░░...........░░
..... ░░░.░..░~░.........░~░
..░░░ ....░~~░...§...░~~░ ░
░...░░░░░░░≈░░░░░░░ ░.... ≈≈≈


You could see a quokka.

Vanquished Creatures
  A hobgoblin (D:1)
  A ball python (D:1)
  A frilled lizard (D:1)
3 creatures vanquished.

Notes
Turn   | Place    | Note
-------+----------+-------------------------------------------
     0 | D:1      | utis the Tengu Wanderer began the quest for the Orb.
     0 | D:1      | utis set off with the following items: a +0 hand axe, a
                  | wand of flame (4), a scroll of fog, a +0 leather armour;
                  | and the following spell memorised: Summon Small Mammal; and
                  | the following spells available to memorise: Summon Guardian
                  | Golem, Summon Ice Beast.
     0 | D:1      | Reached XP level 1. HP: 10/10 MP: 3/3
   124 | D:1      | Slain by a quokka

Illustrated notes

Levels and vault maps discovered:
D:1:      psy_arrival_dodecagon, layout_rooms, serial_park_tiny_2

Action                     || total
---------------------------++-------
  Melee: Hand axe          ||     8
         Kick              ||     2
   Fire: Sling             ||    15
 Armour: Leather armour    ||    10
  Dodge: Dodged            ||    16

Table legend: (Time is in decaauts)
 A = Elapsed time spent in this place.
 B = Non-inter-level travel time spent in this place.
 C = Inter-level travel time spent in this place.
 D = Time resting spent in this place.
 E = Time spent auto-exploring this place.
 F = Levels seen in this place.
 G = Mean time per level.
                   A        B        C        D        E       F      G
               +--------+--------+--------+--------+--------+-----+--------+
         Total |    131 |    131 |      0 |     28 |     30 |   1 |  131.0 |
       Dungeon |    131 |    131 |      0 |     28 |     30 |   1 |  131.0 |
               +--------+--------+--------+--------+--------+-----+--------+

Top non-repeatable levels by time:
     D:1: 131 daAuts
